Map: The Vermillion Problem

Players

NamroodTuo

  • Race: Zerg Zerg

Angel

  • Race: Terran Terran

VOD

Have the link to the VOD?

Description

Time

  • Played on: March 23, 2023, 5:45 a.m.
  • Length: 33:46
Show
View Real Time Build Order
Export as new Build Order

NamroodTuo Zerg 

Build Orders:  

Get SALT Encoding   

  12  0:12  Overlord  
  12  0:18  Infested SCV  
  13  0:25  Infested SCV  
  14  0:37  Infested SCV  
  15  0:50  Infested Barracks  
  15  0:53  Infested SCV  
  16  1:00  Infested SCV  
  16  1:05  Infested SCV  
  18  1:21  Overlord  
  18  1:37  Infested SCV  
  19  1:51  Infestation Level 1  
  19  1:53  Infested SCV  
  19  1:59  Infested Refinery  
  20  2:13  Infested Refinery  
  20  2:20  Infested SCV  
  21  2:35  Infested SCV  
  22  2:57  Infested SCV  
  22  2:59  Overlord  
  23  3:15  Infested Bunker  
  27  3:28  Infested Barracks Tech Lab  
  27  3:45  Infested Engineering Bay  
  27  4:04  Anaerobic Enhancement  
  27  4:45  Retinal Augmentation  
  31  4:52  Overlord, Infested Bunker  
  31  4:53  Infested SCV x2  
  31  4:57  Infested SCV  
  34  5:14  Infested SCV x2  
  36  5:27  Infested SCV  
  37  5:41  Infested SCV  
  38  6:06  Infestation Level 2  
  38  6:54  Infested Command Center  
  38  7:10  Plagued Munitions  
  38  7:22  Infested Factory  
  38  7:25  Infested SCV  
  38  7:26  Overlord  
  38  7:29  Overlord  
  39  7:31  Infested SCV  
  39  7:32  Infested SCV  
  41  8:06  Broodling Gestation  
  41  8:25  Infested Bunker  
  45  8:44  Regenerative Plating  
  45  9:03  Infested Armory  
  45  9:12  Infested Missile Turret  
  45  9:16  Infested SCV x2  
  45  9:17  Infested SCV x2  
  49  9:43  Stukov Infantry Weapons Level 1  
  49  9:44  Infested Missile Turret  
  53  10:01  Infested Bunker  
  53  10:07  Infested Missile Turret  
  53  10:10  Infested SCV x3  
  53  10:11  Infested SCV  
  53  10:13  Infested Missile Turret  
  57  10:39  Infestation Level 3  
  57  10:52  Infested Barracks  
  57  11:25  Stukov Vehicle and Ship Weapons Level 1  
  57  11:32  Infested SCV x2  
  57  11:33  Infested SCV x2  
  57  11:38  Infested SCV  
  57  11:39  Infested Refinery  
  62  11:42  Aggressive Incubation  
  62  11:51  Overlord  
  62  11:52  Overlord  
  62  11:56  Overseer  
  62  12:23  Calcified Armor  
  62  12:26  Infested SCV x2  
  62  12:27  Infested SCV, Infested Missile Turret  
  69  12:35  Infested SCV x3  
  69  12:37  Infested SCV  
  73  12:45  Unknown  
  73  12:53  Infested SCV  
  73  12:54  Infested Bunker  
  74  13:35  Infested Bunker  
  82  14:00  Infested Bunker  
  82  14:05  Stukov Vehicle and Ship Armor Level 1  
  82  14:07  Infested Missile Turret  
  82  14:10  Infested Bunker  
  82  14:12  Overlord x5  
  86  14:23  Infested Missile Turret  
  86  14:32  Infested Factory Tech Lab  
  86  14:41  Stukov Infantry Armor Level 1  
  86  14:51  Infested Marine  
  86  14:52  Infested Marine x4  
  86  14:53  Infested Marine x4  
  103  15:24  Infested Bunker  
  107  16:01  Infested SCV  
  107  16:02  Infested SCV x3  
  107  16:03  Overlord  
  107  16:08  Overlord  
  107  16:09  Overlord, Infested Bunker  
  111  16:11  Overlord  
  111  16:12  Infested Bunker  
  111  16:17  Overlord  
  111  16:21  Overlord  
  102  16:38  Infested Siege Tank x2  
  108  16:45  Stukov Vehicle and Ship Weapons Level 2  
  108  16:57  Infested Missile Turret  
  108  16:58  Infested Refinery  
  108  17:03  Infested Missile Turret  
  108  17:20  Stukov Infantry Weapons Level 2  
  108  17:29  Infested Marine x8  
  116  17:30  Infested Marine x4  
  116  17:31  Infested Missile Turret  
  120  17:58  Infested Bunker  
  128  18:04  Infested Bunker  
  128  18:07  Overlord  
  128  18:08  Overlord x4  
  128  18:09  Infested Bunker  
  120  18:57  Infested Siege Tank  
  120  18:58  Infested Siege Tank, Infested Diamondback  
  120  18:59  Infested Diamondback  
  132  19:00  Infested Siege Tank  
  135  19:40  Infested Siege Tank  
  135  19:41  Infested Diamondback  
  141  19:51  Overseer x2  
  141  19:52  Overseer x3  
  141  19:55  Stukov Vehicle and Ship Armor Level 2  
  141  20:28  Infested Siege Tank  
  141  20:29  Infested Diamondback  
  147  20:30  Stukov Infantry Armor Level 2  
  147  21:46  Infested Diamondback  
  147  21:47  Infested Siege Tank  
  147  21:48  Infested Siege Tank, Infested Diamondback  
  126  22:56  Infested Marine x3  
  126  22:57  Infested Marine x18  
  126  22:58  Infested Marine  
  142  23:19  Infested Marine  
  143  23:20  Infested Marine x7  
  143  23:21  Infested Marine x13  
  163  23:39  Infested Bunker  
  171  23:40  Infested Bunker  
  171  23:48  Overlord x5  
  171  23:49  Overlord x4  
  169  23:50  Overlord  
  169  23:58  Infested Bunker  
  153  24:44  Infested SCV x2  
  129  26:17  Infested Marine x2  
  129  26:18  Infested Marine x14  
  145  26:38  Infested Marine  
  145  26:39  Infested Marine x20  
  166  26:40  Infested Marine x7  
  151  28:13  Stukov Infantry Weapons Level 3  
  151  28:15  Stukov Vehicle and Ship Armor Level 3  
  129  28:40  Infested Missile Turret  
  141  28:54  Infested Bunker  
  153  29:09  Infested Bunker  
  165  29:10  Infested Missile Turret  
  177  29:43  Infested Bunker  
  177  29:44  Infested Bunker  
  176  29:58  Infested Bunker  
  166  30:31  Infested Bunker  
  166  30:45  Infested Bunker  
  165  31:18  Infested Bunker  
  165  31:26  Saturated Cultures  
  165  31:33  Infested Bunker  
  165  32:06  Infested Bunker  
  165  32:26  Automated Mitosis  
  165  32:28  Infested Marine  
  165  32:29  Infested Marine x7  
  173  32:30  Infested Marine x19  
  173  32:31  Infested Marine x8  
Show
View Real Time Build Order
Export as new Build Order

Angel Terran 

Build Orders:  

Get SALT Encoding   

  12  0:16  Refinery  
  12  0:22  Refinery  
  12  0:28  SCV  
  13  0:45  SCV  
  14  1:02  SCV  
  15  1:19  SCV  
  16  1:36  SCV  
  17  1:52  SCV  
  17  1:54  Engineering Bay  
  18  2:09  SCV  
  19  2:26  SCV  
  20  2:40  Engineering Bay  
  20  2:43  SCV  
  21  3:00  SCV  
  21  3:01  Tychus  
  22  3:17  SCV, Medivac Platform  
  23  3:34  SCV  
  24  3:51  SCV  
  25  4:52  SCV  
  26  5:01  Gunslingers Hideout  
  26  5:09  SCV  
  27  5:26  SCV  
  28  5:32  Muscle Armory  
  28  5:43  SCV  
  29  6:00  SCV  
  29  6:03  Fixers Safehouse  
  30  6:11  Command Center  
  30  6:30  Kev Rattlesnake West  
  30  6:38  Medivac Platform  
  40  7:26  Big Red Button  
  40  7:28  Flashforce GDM Visor  
  40  8:00  SCV, Refinery  
  40  8:07  SCV  
  41  8:17  SCV  
  42  8:24  SCV  
  43  8:33  SCV  
  44  8:40  Refinery  
  44  8:41  SCV  
  45  8:50  SCV  
  45  8:56  Endurance Supplements  
  45  8:58  SCV, ITC-E Triggers  
  47  9:07  SCV  
  48  9:15  SCV  
  49  9:24  SCV  
  49  9:32  SCV  
  49  9:41  SCV  
  49  9:45  Lt Layna Nikara  
  49  9:49  SCV  
  61  9:58  SCV  
  62  10:09  SCV  
  63  10:15  SCV  
  64  10:26  SCV, Outlaw Weapons Level 1  
  64  10:28  Outlaw Life and Armor Level 1  
  65  10:32  SCV  
  66  10:43  SCV  
  66  10:49  SCV  
  68  11:00  SCV  
  68  11:06  SCV  
  69  11:23  SCV  
  69  11:40  SCV  
  68  12:04  Rob Cannonball Boswell  
  77  12:38  SCV  
  78  12:55  SCV  
  79  13:12  SCV  
  80  13:20  Auto-Turret  
  80  13:37  SCV  
  81  13:47  Auto-Turret  
  81  13:54  SCV  
  82  14:11  SCV  
  82  14:15  Auto-Turret  
  83  14:23  Outlaw Weapons Level 2  
  83  14:24  Outlaw Life and Armor Level 2  
  83  14:28  SCV  
  84  14:43  Auto-Turret  
  84  14:45  SCV  
  84  15:10  Auto-Turret  
  84  15:16  SCV  
  85  15:22  Crooked Sam  
  95  15:33  SCV  
  95  15:38  Auto-Turret  
  96  15:50  SCV  
  97  16:07  SCV  
  98  16:24  SCV  
  77  19:00  Outlaw Weapons Level 3  
  77  19:01  Outlaw Life and Armor Level 3  
  77  19:08  Kel-Morian Ripper Rounds, Vanadium Shell, KD9a Implosion Core  
  77  19:09  SureShot Networked Helmet  
  77  19:10  LarsCorp G7 Charges  
  77  19:11  Moebius Restraint Matrix, Procyon Shade Suit  
  77  19:21  Enhanced Hostilities Kit  
  96  22:10  Outlaw Weapons Level 4  
  96  22:11  Outlaw Life and Armor Level 4  
  96  22:17  Umojan Repair Nanites  
  96  22:18  Procyon Serum, Procyon Twin Heal Beam Gauntlet  
  96  22:19  XM-77 Matrix Generator  
  93  23:41  SCV  
  94  23:58  SCV  
  95  24:15  SCV  
  92  26:03  Outlaw Weapons Level 5  
  92  26:04  Outlaw Life and Armor Level 5  
  92  26:08  Umojan Signal Modulator  
  92  26:09  Moebius Aggression Blend, Secret Stash Stimpack  
  91  26:10  Hammer Munitions  
  91  26:12  X-71 Impact Boots, Critical Response System  
  91  26:26  SCV  
  92  26:43  SCV  
  93  27:00  SCV  
  94  27:17  SCV  
  95  27:22  Redline Power Cells  
  95  27:34  SCV  
  96  27:51  SCV  
  97  28:15  MALICE Ammunition  
  96  30:32  Auto-Turret  
Tags
 
Add a new tag
Caveats
  • Supply blocks, unpowered buildings, or Contaminate may cause inaccurate times.
  • Supply counts are checked every 10 seconds.